 Dungeon Crawl Stone Soup version 0.29.1-13-g9f3cf754e1 (webtiles) character file.

Game seed: 7809166712708908944

348 Thatpatchoflichen the Trooper (level 6, -2/51 HPs)
             Began as a Formicid Monk on Jan 21, 2023.
             Slain by an orc
             ... wielding a +0 club
              (3 damage)
             ... on level 4 of the Dungeon.
             The game lasted 00:08:18 (3968 turns).

Thatpatchoflichen the Trooper (Formicid Monk)       Turns: 3968, Time: 00:08:19

Health: -2/51      AC: 12    Str: 18    XL:     6   Next: 91%
Magic:  6/6        EV:  8    Int:  9    God:
Gold:   162        SH:  0    Dex: 16    Spells: 5/5 levels left

rFire   . . .      SeeInvis +   a - +0 mace
rCold   . . .      Faith    .   (no shield)
rNeg    . . .      Spirit   .   m - +0 chain mail
rPois   .          Reflect  .   (helmet unavailable)
rElec   .          Harm     .   (no cloak)
rCorr   .          Rampage  +   (no gloves)
Will    .....                   e - +2 pair of boots {rampage}
Stlth   ..........              (no amulet)
HPRegen 0.17/turn               (no ring)
MPRegen 0.10/turn               (no ring)

@: mighty
A: permanent stasis, dig shafts and tunnels, antennae 3, four strong arms
a: Dig, Shaft Self


You were on level 4 of the Dungeon.
You visited 1 branch of the dungeon, and saw 5 of its levels.

You collected 162 gold pieces.

Inventory:

Hand Weapons
 a - a +0 mace (weapon)
Missiles
 o - 5 javelins
Armour
 b - a +0 robe
 e - a +2 pair of boots of rampaging (worn)
 j - a +0 scale mail
 m - a +0 chain mail (worn)
 r - a +0 plate armour
Jewellery
 c - a ring of protection from cold
Scrolls
 g - 3 scrolls of identify
 h - a scroll of vulnerability {unknown}
 n - 3 scrolls of magic mapping
 q - a scroll of amnesia {unknown}
Potions
 d - 2 potions of haste {unknown}
 f - 2 potions of curing {unknown}
 i - a potion of berserk rage {unknown}
 k - a potion of flight {unknown}
 l - 2 potions of might
 p - a potion of heal wounds {unknown}


   Skills:
 + Level 5.2 Fighting
 + Level 4.7 Maces & Flails
 + Level 3.7 Armour
 - Level 3.0 Dodging
 - Level 2.4 Stealth


You had 5 spell levels left.
You didn't know any spells.
Your spell library contained the following spells:

 Spells                   Type           Power      Damage    Failure   Level
 Gell's Gravitas          Tloc           0%         N/A       100%        3
 Lesser Beckoning         Tloc           0%         N/A       100%        3
 Teleport Other           Tloc           0%         N/A       100%        3


Dungeon Overview and Level Annotations

Branches:
Dungeon (5/15)
 Temple: D:4-7

Altars:
Ru
Wu Jian

Annotations:
D:4 3 runed translucent doors, Xeneth's ghost, amateur MiCK


Innate Abilities, Weirdness & Mutations

You cannot be hasted, slowed, berserked, paralysed or teleported.
You can dig through walls and to a lower floor.
You have a pair of large antennae on your head. (SInv)
Your four strong arms can wield two-handed weapons with a shield.


Message History

The giant cockroach closely misses you. The goblin completely misses you.
The orc hits you but does no damage. The giant cockroach bites you.
You barely miss the orc priest.
The orc priest is moderately wounded.
The orc priest hits you with a +0 mace. The goblin barely misses you.
The orc hits you with a +0 club. The giant cockroach closely misses you.
You barely miss the orc priest.
The orc priest is moderately wounded.
The giant cockroach bites you but does no damage.
The goblin hits you but does no damage. The orc priest completely misses you.
The giant cockroach bites you.
You barely miss the orc priest.
The orc priest is moderately wounded.
The orc priest mumbles some strange prayers to Beogh against you.
Beogh smites you!
* * * LOW HITPOINT WARNING * * *
The orc hits you but does no damage. The goblin hits you but does no damage.
The giant cockroach bites you but does no damage.
The orc hits you but does no damage. The goblin barely misses you.
The orc priest hits you but does no damage.
The orc hits you with a +0 club.
* * * LOW HITPOINT WARNING * * *
You hit the orc priest.
The orc priest is severely wounded.
The giant cockroach bites you but does no damage.
The goblin hits you but does no damage. The orc priest barely misses you.
The orc hits you but does no damage. The orc closely misses you.
There are monsters nearby!
It was a potion of might.
You feel very mighty all of a sudden. The giant cockroach barely misses you.
The goblin barely misses you.
The orc priest hits you but does no damage.
The orc closely misses you. The orc hits you but does no damage.
The giant cockroach bites you but does no damage.
You hit the orc priest.
The orc priest is almost dead.
The goblin hits you with a +0 club.
* * * LOW HITPOINT WARNING * * *
The orc priest closely misses you. The orc hits you with a +0 club.
You die...

.# .# .# .#
.##################
........†......o@o#
...............Bog....#
........................
.#################......
.# ....<. .# ......
'########## .....
........#.+ .####
..........


You could see an orc priest, 2 orcs, a giant cockroach and a goblin.

Vanquished Creatures
  Grinder (D:3)
  A jelly (D:4)
  An iguana (D:4)
  Robin (D:3)
  4 adders
  4 dart slugs
  An orc (D:4)
  4 ball pythons
  4 endoplasms
  A giant cockroach (D:3)
  11 goblins
  10 hobgoblins
  A jackal (D:2)
  2 quokkas
  4 bats
  2 frilled lizards
  A kobold (D:2)
  2 rats
55 creatures vanquished.

Vanquished Creatures (others)
  A fungus (D:1)
  3 plants (D:1)
4 creatures vanquished.

Grand Total: 59 creatures vanquished

Notes
Turn   | Place    | Note
-------+----------+-------------------------------------------
     0 | D:1      | Thatpatchoflichen the Formicid Monk began the quest for the
                  | Orb.
     0 | D:1      | Reached XP level 1. HP: 18/18 MP: 1/1
   394 | D:1      | Reached XP level 2. HP: 23/24 MP: 2/2
   647 | D:1      | Found a faded altar of an unknown god.
   951 | D:2      | Reached skill level 1 in Armour
   973 | D:2      | Reached XP level 3. HP: 18/29 MP: 3/3
  2014 | D:3      | Reached XP level 4. HP: 36/37 MP: 4/4
  2340 | D:3      | Noticed Grinder
  2372 | D:3      | Killed Grinder
  2373 | D:3      | Reached skill level 4 in Fighting
  2373 | D:3      | Reached XP level 5. HP: 33/43 MP: 5/5
  2373 | D:3      | Reached XP level 6. HP: 39/50 MP: 6/6
  2557 | D:3      | Found an ornate altar of the Wu Jian Council.
  2749 | D:3      | Noticed Robin
  2796 | D:3      | Killed Robin
  3151 | D:3      | Found a sacrificial altar of Ru.
  3215 | D:3      | Reached skill level 5 in Fighting
  3869 | D:4      | Found a runed translucent gate.
  3871 | D:4      | Found a runed translucent gate.
  3871 | D:4      | Noticed Xeneth's ghost (amateur MiCK)
  3872 | D:4      | Found a runed translucent gate.
  3914 | D:5      | Entered Level 5 of the Dungeon
  3968 | D:4      | HP: 1/51 [goblin/+0 club (4)]
  3968 | D:4      | Slain by an orc

Illustrated notes

Levels and vault maps discovered:
D:1:      evilmike_arrival_plus, layout_rooms,
          shapermc_ecumenical_altar_mp_ritualfount, kennysheep_small_spiral,
          minmay_stone_trees_small
D:2:      layout_basic, grunt_decor_one_mirror, kennysheep_generic_room_8
D:3:      minmay_skewed_foursquare, layout_basic, nicolae_ru_path_of_blood,
          nicolae_wu_jian_glorious_leap, uniq_grinder, uniq_robin
D:4:      layout_basic, nicolae_overflow_hallway_of_the_gods,
          biasface_ghost_orc_armoury
D:5:      layout_loops_cross, minmay_misc_feat_diagonals, uniq_sigmund,
          uniq_duvessa

Skill      XL: |  1  2  3  4  5  6 |
---------------+-------------------+-----
Armour         | 1 3 |  3.7
Dodging        | 3 |  3.0
Fighting       | 4 5 |  5.2
Maces & Flails | 4 |  4.7
Stealth        | |  2.4

Action                   |  1- 3 |  4- 6 || total
-------------------------+-------+-------++-------
Melee: Mace              |    56 |   153 ||   209
       Punch             |       |     2 ||     2
 Abil: Dig               |       |     8 ||     8
  Use: Scroll            |       |     4 ||     4
       Potion            |       |     2 ||     2
 Stab: Sleeping          |     1 |       ||     1
       Fleeing           |       |     1 ||     1
Armor: Robe              |     5 |       ||     5
       Scale mail        |    26 |    87 ||   113
       Chain mail        |       |    56 ||    56
Dodge: Dodged            |    34 |   136 ||   170
